 Dungeon Crawl Stone Soup version 0.27-a0-223-ge082b6e869 (webtiles) character file.

Game seed: 12221890389354697747

184 KristoblXynda the Slasher (level 5, 0/49 HPs)
             Began as a Naga Gladiator on Feb 1, 2021.
             Was an Initiate of Cheibriados.
             Succumbed to Sigmund's poison
             ... on level 2 of the Dungeon.
             The game lasted 00:02:10 (1604 turns).

KristoblXynda the Slasher (Naga Gladiator)          Turns: 1604, Time: 00:02:11

Health: 0/49       AC:  4    Str: 18    XL:     5   Next: 64%
Magic:  5/5        EV: 10    Int: 10    God:    Cheibriados [......]
Gold:   46         SH:  0    Dex: 13    Spells: 4/4 levels left

rFire    . . .     SeeInvis +   a - +0 long sword
rCold    . . .     Faith    .   (no shield)
rNeg     . . .     Spirit   .   b - +0 leather armour
rPois    +         Reflect  .   c - +0 helmet
rElec    .         Harm     .   h - scarf {+Inv}
rCorr    .         Rampage  .   (no gloves)
Will     .....                  (no barding)
Stlth    ++........             (no amulet)
HPRegen  0.16/turn              (no ring)
MPRegen  0.09/turn              (no ring)

@: lethally poisoned (0 -> -3), very slow
A: large, see invisible, deformed body, poison resistance, slowness 2, spit
poison 1, AC +1
a: Spit Poison, Renounce Religion, Evoke Invisibility, Bend Time


You were on level 2 of the Dungeon.
You worshipped Cheibriados.
Cheibriados was noncommittal.
You visited 1 branch of the dungeon, and saw 2 of its levels.

You collected 46 gold pieces.

Inventory:

Hand Weapons
 a - a +0 long sword (weapon)
Missiles
 d - 3 throwing nets (quivered)
Armour
 b - a +0 leather armour (worn)
 c - a +0 helmet (worn)
 g - a +0 ring mail
 h - a scarf of invisibility (worn)
Scrolls
 f - 2 scrolls of identify {unknown}


   Skills:
 + Level 3.2 Fighting
 + Level 4.0 Long Blades
 - Level 2.0 Throwing
 + Level 3.2 Dodging
 + Level 3.5 Stealth


You had 4 spell levels left.
You didn't know any spells.
Your spell library was empty.

Dungeon Overview and Level Annotations

Branches:
Dungeon (2/15)

Altars:
Cheibriados
Makhleb
Nemelex Xobeh


Innate Abilities, Weirdness & Mutations

You cannot wear boots.
Your serpentine skin is tough. (AC +1)
You have supernaturally acute eyesight. (SInv)
Armour fits poorly on your strangely shaped body.
Your system is resistant to poisons. (rPois)
You cover ground very slowly.
You can spit poison.


Message History

You feel stronger.
You have reached level 5!
You start resting.
You feel sick.
You have got your breath back.
You feel sick.
You start resting.
You feel less wooden.
Your scarf of invisibility unmelds from your body.
Your +0 helmet unmelds from your body.
Your +0 leather armour unmelds from your body.
You become transparent for a moment.
* * * LOW HITPOINT WARNING * * *
You feel sick.
There is a lethal amount of poison in your body!
You feel a little less clever now.
* * * LOW HITPOINT WARNING * * *
You feel sick.
* * * LOW HITPOINT WARNING * * *
You feel sick.
You die...

#.# #.# #.# #.#
#.# #.# ###
#.############.##
##...............#
#@).###########.##
.....?.....#
#.......
###.###...##
#.###.## #...#
#.###.## ....#
#.#...## ##..##
#.#.#### #..#
#....... #...
###.#### ###.####


There were no monsters in sight!

Vanquished Creatures
  Sigmund (D:2)
  A dart slug (D:2)
  4 leopard geckos (D:1)
  3 giant cockroaches
  5 goblins (D:1)
  3 hobgoblins
  4 bats
  A frilled lizard (D:1)
  3 kobolds (D:1)
  3 rats (D:1)
28 creatures vanquished.

Notes
Turn   | Place    | Note
-------+----------+-------------------------------------------
     0 | D:1      | KristoblXynda the Naga Gladiator began the quest for the
                  | Orb.
     0 | D:1      | Reached XP level 1. HP: 19/19 MP: 1/1
   381 | D:1      | Reached XP level 2. HP: 19/26 MP: 2/2
   622 | D:1      | Found a sparkling altar of Nemelex Xobeh.
   700 | D:1      | Reached skill level 1 in Stealth
   817 | D:1      | Reached XP level 3. HP: 33/33 MP: 3/3
  1282 | D:2      | Found a snail-covered altar of Cheibriados.
  1296 | D:2      | Became a worshipper of Cheibriados the Contemplative
  1378 | D:2      | Found a burning altar of Makhleb.
  1378 | D:2      | Noticed a green death
  1381 | D:2      | Noticed an orange demon
  1381 | D:2      | Noticed a hellwing
  1554 | D:2      | Noticed Sigmund
  1594 | D:2      | Killed Sigmund
  1595 | D:2      | Reached skill level 4 in Long Blades
  1595 | D:2      | Reached XP level 4. HP: 6/42 MP: 4/4
  1595 | D:2      | Reached XP level 5. HP: 6/49 MP: 5/5
  1598 | D:2      | HP: 2/49 [poisoned by Sigmund]
  1604 | D:2      | Succumbed to Sigmund's poison

Illustrated notes

Levels and vault maps discovered:
D:1:      minmay_arrival_solitary_statue, layout_basic, nemelex_altar_shiori
D:2:      layout_loops_corners, kennysheep_slug_shrine,
          makhleb_altar_promises_db, uniq_sigmund

Skill      XL: |  1  2  3 |
---------------+----------+-----
Throwing       | 2 |  2.0
Stealth        | 1 3 |  3.5
Fighting       | 3 |  3.2
Long Blades    | 4 |  4.0
Dodging        | 3 |  3.2

Action                   |  1- 3 |  4- 6 || total
-------------------------+-------+-------++-------
Melee: Long sword        |    89 |       ||    89
 Abil: Spit Poison       |     5 |       ||     5
  Use: Potion            |     2 |       ||     2
Armor: Leather armour    |    43 |       ||    43
       Skin              |    13 |       ||    13
Dodge: Dodged            |    66 |       ||    66
       Rpst.: Long sword |    23 |       ||    23

Table legend: (Time is in decaauts)
 A = Elapsed time spent in this place.
 B = Non-inter-level travel time spent in this place.
 C = Inter-level travel time spent in this place.
 D = Time resting spent in this place.
 E = Time spent auto-exploring this place.
 F = Levels seen in this place.
 G = Mean time per level.
                   A        B        C        D        E       F      G
               +--------+--------+--------+--------+--------+-----+--------+
         Total |   2008 |   2001 |      7 |    256 |   1429 |   2 | 1004.0 |
       Dungeon |   2008 |   2001 |      7 |    256 |   1429 |   2 | 1004.0 |
               +--------+--------+--------+--------+--------+-----+--------+

Top non-repeatable levels by time:
     D:1: 1524 daAuts
     D:2: 484 daAuts
